 Dungeon Crawl Stone Soup version 0.14-a0-1585-g835621a (webtiles) character file.

11450 ReteAZ the Grappler (level 11, -1/107 HPs)
             Began as a Troll Monk on Dec 22, 2013.
             Was a High Priest of Okawaru.
             Slain by a skeletal warrior
             ... wielding a +0,+0 scimitar
              (16 damage)
             ... on Level 11 of the Dungeon.
             The game lasted 00:47:25 (9249 turns).

ReteAZ the Grappler (Troll Monk)                    Turns: 9249, Time: 00:47:26

HP  -1/107       AC  7     Str 24      XL: 11   Next: 41%
MP  16/17        EV 13     Int  6      God: Okawaru [*****.]
Gold 591         SH  0     Dex 12      Spells:  0 memorised, 10 levels left

rFire  + . .     SeeInvis .       - Unarmed
rCold  + . .     Clarity  +     O - +2 robe {rC+}
rNeg   . . .     Conserve .     (shield restricted)
rPois  .         rCorr    .     (helmet restricted)
rElec  .         rRot     .     (no cloak)
SustAb . .       Spirit   .     (gloves unavailable)
rMut   .         Warding  .     (boots unavailable)
Gourm  +         Stasis   .     W - amulet of clarity
                                M - cursed ring of flight
                                D - ring of protection from fire

@: heroism, somewhat resistant to hostile enchantments, stealthy
A: unfitting armour, claws 3, fast metabolism 3, gourmand, regeneration 2,
saprovore 2, shaggy fur 1, tough skin 2
a: Heroism, Finesse, Renounce Religion, Evoke Flight


You were on level 11 of the Dungeon.
You worshipped Okawaru.
Okawaru was extremely pleased with you.
You were not hungry.

You visited 3 branches of the dungeon, and saw 13 of its levels.
You also visited: Bailey.

You collected 591 gold pieces.

Inventory:

Hand weapons
 P - a +1,+2 orcish vampiric battleaxe
Missiles
 y - 2 steel tomahawks (quivered)
 B - 8 tomahawks
Armour
 p - a +1 cloak
 O - a +2 robe of cold resistance (worn)
 Z - a +0 shield
Magical devices
 a - a wand of confusion (8)
 n - a wand of digging (8) {unknown}
 w - a wand of flame (9)
 Q - a wand of frost (8)
 S - a wand of slowing (18)
 U - a wand of paralysis (12)
Comestibles
 b - 4 meat rations
 d - 2 chokos
 m - 11 sultanas
 o - a pear
 r - 7 bread rations
 x - 7 oranges
 H - 2 honeycombs
 N - 2 apples
Scrolls
 c - 6 scrolls of remove curse
 g - a scroll of curse weapon {unknown}
 h - 12 scrolls of teleportation
 v - 3 scrolls of fear
 A - 2 scrolls of blinking
 F - a scroll of recharging
 L - 2 scrolls of enchant armour
 R - 2 scrolls of amnesia
Jewellery
 l - an uncursed amulet of conservation
 D - a ring of protection from fire (left claw)
 M - a cursed ring of flight (right claw)
 W - an amulet of clarity (around neck)
 Y - an uncursed amulet of guardian spirit
Potions
 e - a potion of agility
 f - 2 potions of mutation
 i - 2 potions of resistance
 j - 6 potions of heal wounds
 k - 4 potions of restore abilities
 s - 2 potions of brilliance
 t - 3 potions of magic
 u - 2 potions of might {unknown}
 z - 2 potions of cure mutation {unknown}
 C - a potion of speed
 G - 2 potions of invisibility
 I - a potion of porridge
 J - a potion of flight {unknown}
 K - a potion of berserk rage {unknown}
 T - 2 potions of lignification
 V - 6 potions of curing
 X - 2 potions of confusion
Books
 q - a book of Beasts

   Spells                             Type                      Level
   Summon Butterflies                 Summoning                    1
   Sticks to Snakes                   Transmutation                2
   Call Canine Familiar               Summoning                    3
   Ice Form                           Ice/Transmutation            4
   Summon Ice Beast                   Ice/Summoning                4
   Summon Hydra                       Summoning                    7
 E - a book of Frost

   Spells                             Type                      Level
   Freeze                             Ice                          1
   Throw Frost                        Conjuration/Ice              2
   Ozocubu's Armour                   Charms/Ice                   3
   Throw Icicle                       Conjuration/Ice              4
   Summon Ice Beast                   Ice/Summoning                4
   Condensation Shield                Ice                          4


   Skills:
 + Level 6.5(11.5) Fighting
 - Level 2.4(7.4) Dodging
 - Level 1.1(6.1) Stealth
   Level 3.4(8.4) Shields
 + Level 14.2(19.2) Unarmed Combat
 + Level 6.5 Invocations


You had 10 spell levels left.
You didn't know any spells.

Dungeon Overview and Level Annotations

Branches:
Dungeon (11/16)            Temple (1/1) D:7             Orc (0/4) D:11
   Lair (1/8) D:10

Altars:
Ashenzari
Cheibriados
Elyvilon
Fedhas
Kikubaaqudgha
Makhleb
Nemelex Xobeh
Okawaru
Sif Muna
Trog
Vehumet
Xom
Yredelemnul
Zin
the Shining One
Beogh

Shops:
D:7 *   D:10 *

Annotations:
D:6 Blork the orc
D:11 exclusion: oklob sapling


Innate Abilities, Weirdness & Mutations

You are too large for most types of armour.
You have claws for hands.
Your metabolism is lightning-fast.
You like to eat raw meat.
You heal very quickly.
You can eat rotten meat.
You are covered in fur (AC +1).
You have very tough skin (AC +2).


Message History

You hit the skeletal warrior.
You claw the skeletal warrior, but do no damage.
The skeletal warrior is lightly damaged.
You claw the skeletal warrior!
The skeletal warrior is heavily damaged.
The skeletal warrior hits you with a scimitar!
* * * LOW HITPOINT WARNING * * *
You mangle the skeletal warrior!!
The skeletal warrior is almost destroyed.
You closely miss the skeletal warrior.
The skeletal warrior is almost destroyed.
The skeletal warrior hits you with a scimitar!
* * * LOW HITPOINT WARNING * * *
You hit the skeletal warrior but do no damage.
The skeletal warrior is almost destroyed.
You hit the skeletal warrior but do no damage.
Your punch misses the skeletal warrior.
The skeletal warrior is almost destroyed.
The skeletal warrior hits you with a scimitar!
You die...

#.....8.....#
#.....#.###.#
#######.# #.#
###
#)#########
#).........
#..########
## #..#
#...###..#
#...oz@..#
.....#####.#
# ..# ###


You could see a skeletal warrior and an orc.

Vanquished Creatures
  Erica (D:10)
  Urug (D:11)
  3 skeletal warriors (D:11)
  A hill giant (D:8)
  A black mamba (D:10)
  A troll (D:10)
  A two-headed ogre (D:9)
  A griffon skeleton (D:7)
  An ugly thing (D:8)
  2 hill giant zombies
  A yak (D:10)
  Eustachio (D:9)
  A wyvern (D:9)
  A steam dragon (D:11)
  A deep elf fighter (D:10)
  A hungry ghost (D:7)
  3 hippogriffs (D:10)
  A hill giant skeleton (D:8)
  Edmund (D:8)
  3 sky beasts
  A deep dwarf (D:10)
  3 ice beasts
  4 orc warriors
  A phantom (D:5)
  A black bear (D:5)
  5 crocodiles (D:10)
  4 ogres
  Sigmund (D:6)
  Duvessa (D:8)
  4 centaurs
  4 giant frogs
  2 water moccasins
  A manticore zombie (D:10)
  3 killer bees (D:10)
  Dowan (D:8)
  3 goliath beetles
  A giant frog zombie (D:10)
  6 crimson imps
  A jelly (D:6)
  4 orc priests
  8 hounds
  2 scorpions
  Crazy Yiuf (D:3)
  4 orc wizards
  7 worker ants
  6 iguanas
  A sky beast zombie (D:6)
  Ijyb (D:2)
  An ogre zombie (D:6)
  An ogre skeleton (D:8)
  A hound zombie (D:8)
  A hound skeleton (D:10)
  3 gnolls (D:3)
  A mummy (D:11)
  7 adders
  A giant centipede (D:8)
  3 green rats (D:10)
  A worm zombie (D:5)
  7 worms
  46 orcs
  2 ball pythons
  20 bats
  A bat zombie (D:6)
  6 giant cockroaches
  14 goblins
  14 hobgoblins
  7 jackals
  8 kobolds
  8 quokkas
  6 giant geckos
  5 giant newts
  2 giant spores (D:8)
  15 rats
  A rat skeleton (D:4)
  3 ballistomycetes
293 creatures vanquished.

Vanquished Creatures (others)
  A giant spore (D:7)
  2 butterflies (D:11)
  A fungus (D:10)
  A plant (D:11)
5 creatures vanquished.

Grand Total: 298 creatures vanquished

Notes
Turn   | Place    | Note
--------------------------------------------------------------
     0 | D:1      | ReteAZ, the Troll Monk, began the quest for the Orb.
     0 | D:1      | Reached XP level 1. HP: 22/22 MP: 1/1
   179 | D:1      | Reached XP level 2. HP: 27/29 MP: 1/1
   630 | D:2      | Reached skill level 5 in Unarmed Combat
   630 | D:2      | Reached XP level 3. HP: 23/36 MP: 2/2
  1168 | D:2      | Noticed Ijyb
  1176 | D:2      | Killed Ijyb
  1176 | D:2      | Reached XP level 4. HP: 33/44 MP: 2/2
  1484 | D:3      | Reached skill level 6 in Unarmed Combat
  1948 | D:3      | Reached XP level 5. HP: 36/50 MP: 2/2
  1993 | D:3      | Noticed Crazy Yiuf
  2002 | D:3      | Killed Crazy Yiuf
  2339 | D:4      | Reached skill level 7 in Unarmed Combat
  2532 | D:4      | Reached XP level 6. HP: 48/59 MP: 3/3
  2850 | D:5      | Entered Level 5 of the Dungeon
  2872 | D:5      | Reached skill level 8 in Unarmed Combat
  3166 | D:5      | Reached XP level 7. HP: 49/66 MP: 3/3
  3346 | D:5      | Reached skill level 9 in Unarmed Combat
  3891 | D:6      | Noticed Blork the orc
  3892 | D:6      | Noticed Sigmund
  3931 | D:6      | Reached skill level 10 in Unarmed Combat
  3931 | D:6      | Reached XP level 8. HP: 74/74 MP: 3/3
  4241 | D:6      | Killed Sigmund
  4241 | D:6      | Reached skill level 11 in Unarmed Combat
  4948 | D:7      | Found a staircase to the Ecumenical Temple.
  4980 | Temple   | Entered the Ecumenical Temple
  5272 | Temple   | Became a worshipper of Warmaster Okawaru
  5272 | Temple   | Acquired Okawaru's first power
  5414 | D:7      | Found Zin's Purification Station.
  5416 | D:7      | Found a glowing silver altar of Zin.
  5425 | D:7      | Reached skill level 12 in Unarmed Combat
  5509 | D:7      | Reached XP level 9. HP: 44/80 MP: 4/4
  5921 | D:8      | Noticed Edmund
  5930 | D:8      | Killed Edmund
  6087 | D:8      | Noticed Dowan
  6092 | D:8      | Reached skill level 1 in Invocations
  6107 | D:8      | Killed Dowan
  6139 | D:8      | Noticed Duvessa
  6170 | D:8      | Killed Duvessa
  6442 | D:8      | Reached skill level 13 in Unarmed Combat
  6535 | D:8      | Noticed a hill giant
  6541 | D:8      | Killed a hill giant
  6541 | D:8      | Reached XP level 10. HP: 75/94 MP: 7/10
  7151 | D:9      | Noticed Eustachio
  7157 | D:9      | Killed Eustachio
  7461 | D:10     | Entered Level 10 of the Dungeon
  7485 | D:10     | Reached skill level 5 in Fighting
  7490 | D:10     | Reached skill level 1 in Shields
  7678 | D:10     | Found a staircase to the Lair.
  7874 | D:10     | Reached skill level 5 in Invocations
  8017 | D:10     | Noticed Erica
  8032 | D:10     | Killed Erica
  8032 | D:10     | Acquired Okawaru's second power
  8144 | D:10     | Found Pucsosy's Assorted Antiques.
  8270 | D:10     | Found a flagged portal.
  8276 | Bailey   | Entered a bailey
  8529 | Lair:1   | Entered Level 1 of the Lair of Beasts
  8533 | Lair:1   | Noticed a six-headed hydra
  8534 | Lair:1   | Noticed a black mamba
  8548 | D:10     | Killed a black mamba
  8548 | D:10     | Reached XP level 11. HP: 8/105 MP: 11/14
  8554 | D:10     | HP: 5/105 [poisoned by a black mamba]
  8566 | D:10     | HP: 5/105 [poisoned by a black mamba]
  8572 | D:10     | HP: 5/105 [poisoned by a black mamba]
  8578 | D:10     | HP: 5/105 [poisoned by a black mamba]
  8844 | D:11     | Noticed Urug
  8869 | D:11     | Killed Urug
  8940 | D:11     | Found a roughly hewn altar of Beogh.
  8956 | D:11     | Reached skill level 14 in Unarmed Combat
  9006 | D:11     | Found a staircase to the Orcish Mines.
  9199 | D:11     | Noticed a skeletal warrior
  9200 | D:11     | Noticed a skeletal warrior
  9214 | D:11     | Killed a skeletal warrior
  9221 | D:11     | Noticed a skeletal warrior
  9225 | D:11     | Killed a skeletal warrior
  9234 | D:11     | Killed a skeletal warrior
  9241 | D:11     | Noticed a skeletal warrior
  9249 | D:11     | Slain by a skeletal warrior

Action                   |  1- 3 |  4- 6 |  7- 9 | 10-12 || total
-------------------------+-------+-------+-------+-------++-------
Melee: Unarmed           |   119 |   172 |   305 |   317 ||   913
Throw: Tomahawk          |       |       |     6 |     2 ||     8
Invok: Heroism           |       |       |     5 |     4 ||     9
       Finesse           |       |       |       |     1 ||     1
Evoke: Wand              |       |       |     2 |     9 ||    11
  Use: Scroll            |       |       |    18 |    13 ||    31
 Stab: Sleeping          |     1 |     1 |     2 |       ||     4
